 Dungeon Crawl Stone Soup version 0.31-a0-219-g8d62b2e7bb (webtiles) character file.

Game seed: 3429722656296693465

959 gelatine the Shooter (level 7, -8/48 (54) HPs)
             Began as a Demonspawn Hunter on July 3, 2023.
             Mangled by Maggie
             ... wielding a +1 glaive of draining
              (17 damage)
             ... on level 6 of the Dungeon.
             The game lasted 00:08:48 (4428 turns).

gelatine the Shooter (Demonspawn Hunter)            Turns: 4428, Time: 00:08:50

HP:   -8/48 (54)    AC:  4    Str: 11    XL:     7   Next: 91%
MP:   0/8           EV: 18    Int: 11    God:
Gold: 284           SH:  0    Dex: 18    Spells: 4/8 levels left

rFire   + . .        v - +7 whip of the Howling One {venom, rElec}
rCold   . . .        (no shield)
rNeg    . . .        c - +0 leather armour
rPois   .            d - +0 helmet
rElec   +            (no cloak)
rCorr   .            (no gloves)
SInv    .            (no boots)
Will    .....        A - amulet of magic regeneration
Stlth   ++           l - ring of protection from fire
HPRegen 0.28/turn    z - +5 ring of evasion
MPRegen 0.62/turn

%: guardian spirit
@: mighty, heavily drained
A: magic shield, magic regeneration, demonic touch 2
a: no special abilities


You were on level 6 of the Dungeon.
You visited 1 branch of the dungeon, and saw 6 of its levels.

You collected 284 gold pieces.

Inventory:

Hand Weapons
 a - a +0 shortbow
 v - the +7 whip of the Howling One (weapon) {venom, rElec}
   (You found it on level 4 of the Dungeon)

   rElec:     It insulates you from electricity.
Missiles
 x - 2 throwing nets
Armour
 c - a +0 leather armour (worn)
 d - a +0 helmet (worn)
Jewellery
 l - a ring of protection from fire (left hand)
 z - a +5 ring of evasion (right hand)
 A - an amulet of magic regeneration (around neck)
Wands
 m - a wand of flame (22)
 w - a wand of roots (3)
Scrolls
 b - a scroll of butterflies
 e - a scroll of enchant armour {unknown}
 i - 3 scrolls of teleportation {unknown}
 j - 3 scrolls of immolation {unknown}
 k - 2 scrolls of enchant weapon {unknown}
 o - 4 scrolls of identify {unknown}
 s - 3 scrolls of revelation {unknown}
 t - a scroll of vulnerability {unknown}
 y - a scroll of fog {unknown}
Potions
 f - 2 potions of might
 g - a potion of degeneration {unknown}
 h - 3 potions of curing
 n - 2 potions of enlightenment {unknown}
 p - a potion of lignification {unknown}
 q - a potion of cancellation {unknown}
 r - 2 potions of haste {unknown}
 u - a potion of brilliance {unknown}


   Skills:
 * Level 4.0 Fighting
 + Level 0.5 Maces & Flails
 * Level 7.2 Ranged Weapons
 * Level 2.3 Armour
 * Level 3.0 Dodging
 + Level 1.0 Stealth
 * Level 1.1 Spellcasting
 * Level 1.5 Poison Magic
 * Level 0.2 Evocations


You had 4 spell levels left.
You knew the following spells:

 Your Spells              Type           Power      Damage    Failure   Level
a - Olgreb's Toxic Radia  Pois           4%         N/A       92%         4

Your spell library contained the following spells:

 Spells                   Type           Power      Damage    Failure   Level
 Sting                    Tmut/Pois      8%         1d3       30%         1
 Poisonous Vapours        Pois/Air       4%         N/A       43%         2
 Static Discharge         Conj/Air       0%         2-2/arc   54%         2
 Gell's Gravitas          Tloc           0%         N/A       77%         3
 Teleport Other           Tloc           0%         N/A       77%         3
 Airstrike                Air            0%         2d(0-16)  99%         4
 Summon Lightning Spire   Summ/Air       0%         N/A       99%         4
 Summon Forest            Summ/Tloc      0%         N/A       100%        5
 Summon Mana Viper        Hex/Summ       0%         N/A       100%        5
 Dispersal                Tloc           0%         N/A       100%        6
 Summon Cactus Giant      Summ           0%         N/A       100%        6


Dungeon Overview and Level Annotations

Branches:
Dungeon (6/15)             Temple (0/1) D:4

Altars:

Annotations:
D:6 Maggie


Innate Abilities, Weirdness & Mutations

When hurt, damage is shared between your health and your magic reserves.
You regenerate magic rapidly.
Your touch may inflict irresistible damage on your foes.


Message History

You feel drained.
You shoot an arrow.
The arrow hits Maggie but does no damage.
Maggie is severely wounded.
Maggie hits you from afar with a +1 glaive of draining!
You feel drained.
You shoot an arrow.
The arrow hits Maggie but does no damage.
Maggie is severely wounded.
You break out of your daze.
Maggie casts a spell.
Maggie attempts to bespell you! You resist.
You shoot an arrow. The arrow hits Maggie.
Maggie is severely wounded.
Maggie hits you from afar with a +1 glaive of draining!!
* * * LOW HITPOINT WARNING * * *
You feel drained.
* * * LOW HITPOINT WARNING * * *
You are too injured to fight recklessly!
It was a potion of might.
You feel very mighty all of a sudden. The black bear closely misses you.
The black bear claws you.
* * * LOW HITPOINT WARNING * * *
The black bear closely misses you.
Maggie smiles, but it's obviously fake.
Maggie casts a spell.
Maggie attempts to bespell you! You resist with some effort.
It was a potion of curing.
You feel better. The black bear barely misses you. The black bear claws you.
* * * LOW HITPOINT WARNING * * *
The black bear claws you but does no damage.
Maggie smiles, but it's obviously fake.
Maggie misses you.
The +7 whip of the Howling One {venom, rElec} begins to drip with poison!
v - the +7 whip of the Howling One (weapon)
{venom, rElec} The black bear barely misses you.
The black bear claws you but does no damage.
The black bear barely misses you.
Maggie hits you from afar with a +1 glaive of draining!!
You die...

#....# .......
#....###.........#
#................#
#....##..........##
###.###............
########.<##............
.......†...............#
..########.#..........#.
#......@h@.....
##.#......)..#.
#.#......=..).
#.........####
###.......# #.(..#..#
..#....... ..##.......


You could see Maggie and a black bear.

Vanquished Creatures
  An ice beast (D:6)
  A black bear (D:4)
  2 ogres
  A phantom (D:6)
  3 scorpions
  A howler monkey (D:4)
  2 hounds (D:5)
  An orc wizard (D:5)
  9 adders
  4 ufetubi
  3 worms
  5 dart slugs
  7 orcs
  4 bats
  8 endoplasms
  6 giant cockroaches
  7 hobgoblins
  5 jackals
  4 quokkas
  15 ball pythons
  A frilled lizard (D:1)
  17 goblins
  8 kobolds
  6 rats
121 creatures vanquished.

Notes
Turn   | Place    | Note
-------+----------+-------------------------------------------
     0 | D:1      | gelatine the Demonspawn Hunter began the quest for the Orb.
     0 | D:1      | Reached XP level 1. HP: 16/16 MP: 1/1
   118 | D:1      | Reached skill level 4 in Ranged Weapons
   121 | D:1      | Gained mutation: Your touch may inflict minor irresistible
                  | damage on your foes. [demonic ancestry]
   121 | D:1      | Reached XP level 2. HP: 21/22 MP: 2/2
   500 | D:1      | Gained mutation: You regenerate magic rapidly. [demonic
                  | ancestry]
   500 | D:1      | Reached XP level 3. HP: 26/27 MP: 3/3
   844 | D:1      | Found a faded altar of an unknown god.
  1008 | D:2      | Reached skill level 1 in Armour
  1192 | D:2      | Gained mutation: Your touch may inflict irresistible damage
                  | on your foes. [demonic ancestry]
  1192 | D:2      | Reached XP level 4. HP: 33/33 MP: 4/4
  2082 | D:3      | Reached skill level 5 in Ranged Weapons
  2500 | D:3      | Reached XP level 5. HP: 25/39 MP: 5/5
  2768 | D:4      | Noticed a black bear
  2784 | D:4      | Killed a black bear
  2785 | D:4      | Reached XP level 6. HP: 28/47 MP: 6/6
  2814 | D:4      | Reached skill level 6 in Ranged Weapons
  3161 | D:4      | Identified the +7 whip of the Howling One {venom, rElec}
  3214 | D:4      | Found a staircase to the Ecumenical Temple.
  3255 | D:4      | Gained mutation: When hurt, damage is shared between your
                  | health and your magic reserves. [demonic ancestry]
  3255 | D:4      | Reached XP level 7. HP: 46/52 MP: 7/7
  3455 | D:5      | Entered Level 5 of the Dungeon
  3671 | D:5      | Reached skill level 7 in Ranged Weapons
  3671 | D:5      | Reached skill level 1 in Stealth
  3915 | D:5      | Learned a level 4 spell: Olgreb's Toxic Radiance
  4258 | D:6      | Reached skill level 1 in Spellcasting
  4258 | D:6      | Reached skill level 1 in Poison Magic
  4407 | D:6      | Noticed Maggie
  4410 | D:6      | Paralysed by Maggie for 4 turns
  4428 | D:6      | Mangled by Maggie

Illustrated notes

Levels and vault maps discovered:
D:1:      mrwooster_arrival_arrow, layout_loops_corners,
          hellmonk_ecumenical_altar_leap_of_faith
D:2:      layout_loops_corners, minmay_misc_feat_tower, serial_park_tiny_2,
          minmay_shallow_snake_nest
D:3:      layout_rooms, serial_rivers, chequers_serial_rivers_small_a,
          chequers_serial_rivers_micro_c, chequers_serial_rivers_large_b,
          chequers_serial_rivers_micro_d, chequers_serial_rivers_small_b
D:4:      layout_rooms, minmay_temple_entry_statues, minmay_ogre_servants
D:5:      layout_rooms, st_stairs_4
D:6:      cheibrodos_iron_armory, layout_rooms, uniq_maggie

Skill      XL: |  1  2  3  4  5  6  7 |
---------------+----------------------+-----
Ranged Weapons | 4 5 6 7 |  7.2
Armour         | 1 2 |  2.3
Dodging        | 2 3 |  3.0
Fighting       | 3 4 |  4.0
Stealth        | 1 |  1.0
Spellcasting   | 1 |  1.1
Poison Magic   | 1 |  1.5
Maces & Flails | |  0.5
Evocations     | |  0.2

Action                     |  1- 3 |  4- 6 |  7- 9 || total
---------------------------+-------+-------+-------++-------
  Melee: Whip              |       |     3 |    14 ||    17
         Touch             |       |       |     1 ||     1
   Fire: Shortbow          |   122 |   203 |   103 ||   428
  Evoke: Wand              |       |       |     2 ||     2
    Use: Potion            |       |       |     2 ||     2
 Armour: Leather armour    |    12 |    28 |    18 ||    58
  Dodge: Dodged            |    43 |    73 |    63 ||   179

Table legend: (Time is in decaauts)
 A = Elapsed time spent in this place.
 B = Non-inter-level travel time spent in this place.
 C = Inter-level travel time spent in this place.
 D = Time resting spent in this place.
 E = Time spent auto-exploring this place.
 F = Levels seen in this place.
 G = Mean time per level.
                   A        B        C        D        E       F      G
               +--------+--------+--------+--------+--------+-----+--------+
         Total |   4553 |   4461 |     92 |      0 |   3665 |   6 |  758.8 |
       Dungeon |   4553 |   4461 |     92 |      0 |   3665 |   6 |  758.8 |
               +--------+--------+--------+--------+--------+-----+--------+

Top non-repeatable levels by time:
     D:2: 984 daAuts
     D:1: 970 daAuts
     D:4: 886 daAuts
     D:3: 730 daAuts
     D:5: 683 daAuts
     D:6: 298 daAuts
